 Dungeon Crawl Stone Soup version 0.28.0-45-g0d030f2227 (webtiles) character file.

Game seed: 4978029765225392161

373 Eitelfritz the Slasher (level 6, -2/51 HPs)
             Began as a Minotaur Gladiator on Apr 12, 2022.
             Slain by Prince Ribbit (7 damage)
             ... on level 5 of the Dungeon.
             The game lasted 00:05:39 (2470 turns).

Eitelfritz the Slasher (Minotaur Gladiator)         Turns: 2470, Time: 00:05:39

Health: -2/51      AC: 12    Str: 20    XL:     6   Next: 43%
Magic:  5/5        EV:  9    Int:  7    God:
Gold:   125        SH:  0    Dex: 12    Spells: 5/5 levels left

rFire   . . .      SeeInvis .   a - +5 war axe of the Radish {vorpal, rElec rCorr Str+2}
rCold   . . .      Faith    .   (no shield)
rNeg    . . .      Spirit   .   l - +0 chain mail
rPois   .          Reflect  .   c - +0 hat
rElec   +          Harm     .   o - +2 cloak
rCorr   +          Rampage  .   (no gloves)
Will    .....                   (no boots)
Stlth   ..........              f - amulet of regeneration
HPRegen 0.97/turn               (no ring)
MPRegen 0.09/turn               (no ring)

@: no status effects
A: horns 2, retaliatory headbutt
a: no special abilities


You were on level 5 of the Dungeon.
You visited 1 branch of the dungeon, and saw 5 of its levels.

You collected 125 gold pieces.

Inventory:

Hand Weapons
 a - the +5 war axe of the Radish (weapon) {vorpal, rElec rCorr Str+2}
   (You found it on level 4 of the Dungeon)

   It inflicts extra damage upon your enemies.
   Str:       It affects your strength (+2).
   rElec:     It insulates you from electricity.
   rCorr:     It protects you from acid and corrosion.
 n - a +0 long sword
Missiles
 d - 3 throwing nets (quivered)
 h - 25 bolts
Armour
 c - a +0 hat (worn)
 l - a +0 chain mail (worn)
 o - a +2 cloak (worn)
Jewellery
 f - an amulet of regeneration (around neck)
 m - a ring of protection from fire
Wands
 i - a wand of iceblast (4)
Scrolls
 b - a scroll of enchant weapon {unknown}
 j - a scroll of torment {unknown}
Potions
 e - 4 potions of cancellation {unknown}
 g - 3 potions of curing {unknown}
 k - a potion of berserk rage {unknown}


   Skills:
 + Level 3.4 Fighting
 + Level 5.9 Long Blades
 + Level 1.6 Axes
 + Level 2.5 Throwing
 + Level 3.1 Armour
 + Level 4.5 Dodging
 + Level 0.9 Stealth


You had 5 spell levels left.
You didn't know any spells.
Your spell library contained the following spells:

 Spells                   Type           Power      Damage    Failure   Level
 Summon Small Mammal      Summ           0%         N/A       99%         1
 Call Canine Familiar     Summ           0%         N/A       100%        3
 Stone Arrow              Conj/Erth      0%         3d7       100%        3
 Summon Guardian Golem    Hex/Summ       0%         N/A       100%        3
 Animate Armour           Summ/Erth      0%         N/A       100%        4
 Lehudib's Crystal Spear  Conj/Erth      0%         10d2      100%        8


Dungeon Overview and Level Annotations

Branches:
Dungeon (5/15)
 Temple: D:4-7

Altars:
Cheibriados
Elyvilon
Uskayaw

Annotations:
D:5 Prince Ribbit


Innate Abilities, Weirdness & Mutations

You have a pair of horns on your head.
You reflexively headbutt those who attack you in melee.


Message History

Found 13 gold pieces.
You see here a black bear corpse.
You see here a +2 cloak.
o - a +2 cloak You start putting on your armour.
You continue putting on your +2 cloak. x2
HP restored.
You continue putting on your +2 cloak. x2
You finish putting on your +2 cloak.
You see here a black bear corpse.
Prince Ribbit comes into view.
Found a stone staircase leading up.
Prince Ribbit blinks!
There is a stone staircase leading down here.
Prince Ribbit hits you but does no damage.
You closely miss Prince Ribbit. Prince Ribbit closely misses you.
Prince Ribbit blinks!
Prince Ribbit barely misses you. x2
You barely miss Prince Ribbit. Prince Ribbit hits you!
Prince Ribbit lets out a mournful croak.
Prince Ribbit hits you!
You closely miss Prince Ribbit.
Prince Ribbit hits you but does no damage.
Prince Ribbit hits you!
* * * LOW HITPOINT WARNING * * *
Prince Ribbit hits you!
* * * LOW HITPOINT WARNING * * *
You see here a black bear corpse.
You barely miss Prince Ribbit.
Prince Ribbit blinks!
Aiming: Iceblast
Press: ? - help, Shift-Dir - straight line, f - Prince Ribbit
Aim: Prince Ribbit The mass of ice explodes!
The iceblast engulfs Prince Ribbit!
Prince Ribbit is moderately wounded.
You slash Prince Ribbit!
Prince Ribbit is severely wounded.
Prince Ribbit barely misses you. Prince Ribbit hits you!
* * * LOW HITPOINT WARNING * * *
You barely miss Prince Ribbit.
Prince Ribbit is severely wounded.
Prince Ribbit hits you!
You die...

#######
#.....#
#.....#
#.....#
#....<+
#.....#
#####F#
#@# #.#
#.# #.# .
#.# ..<
##.##.....
#.>.......
#.$..F....
#....#+##.


You could see Prince Ribbit.

Vanquished Creatures
  A black bear (D:5)
  A phantom (D:4)
  A howler monkey (D:4)
  A bullfrog skeleton (D:3)
  An iguana (D:4)
  5 adders
  An adder skeleton (D:4)
  A dart slug (D:1)
  3 orcs
  6 ball pythons
  4 endoplasms
  4 giant cockroaches
  8 goblins
  5 hobgoblins
  3 quokkas
  4 bats
  8 kobolds
  4 rats
61 creatures vanquished.

Notes
Turn   | Place    | Note
-------+----------+-------------------------------------------
     0 | D:1      | Eitelfritz the Minotaur Gladiator began the quest for the
                  | Orb.
     0 | D:1      | Reached XP level 1. HP: 18/18 MP: 0/0
   185 | D:1      | Reached XP level 2. HP: 25/25 MP: 1/1
   277 | D:1      | Reached skill level 4 in Long Blades
   459 | D:2      | Reached XP level 3. HP: 30/30 MP: 2/2
   481 | D:2      | Found a faded altar of an unknown god.
   765 | D:2      | Reached XP level 4. HP: 31/37 MP: 3/3
  1132 | D:3      | Reached skill level 1 in Armour
  1139 | D:3      | Found a white marble altar of Elyvilon.
  1366 | D:4      | Reached skill level 5 in Long Blades
  1366 | D:4      | Reached XP level 5. HP: 42/44 MP: 4/4
  2076 | D:4      | Identified the +5 war axe of the Radish {vorpal, rElec
                  | rCorr Str+2}
  2214 | D:4      | Found a snail-covered altar of Cheibriados.
  2253 | D:4      | Found a hide-covered altar of Uskayaw.
  2255 | D:4      | Noticed a phantom
  2266 | D:4      | Killed a phantom
  2267 | D:4      | Reached skill level 1 in Axes
  2267 | D:4      | Reached XP level 6. HP: 47/51 MP: 5/5
  2419 | D:5      | Entered Level 5 of the Dungeon
  2449 | D:5      | Noticed Prince Ribbit
  2470 | D:5      | Slain by Prince Ribbit

Illustrated notes

Levels and vault maps discovered:
D:1:      tarquinn_simple_flora_water_c, layout_rooms
D:2:      layout_rooms, basic_ecumenical_altar
D:3:      layout_rooms, elyvilon_altar_5, kennysheep_cluttered_room
D:4:      layout_basic, mainiacjoe_overflow_catch_the_wave
D:5:      layout_basic, mainiacjoe_overflow_brackets, lemuel_doored_altar,
          nicolae_wu_jian_wuxing_cycle, minmay_temple_entry_wispy,
          uniq_prince_ribbit1

Skill      XL: |  1  2  3  4  5  6 |
---------------+-------------------+-----
Long Blades    | 4 5 |  5.9
Dodging        | 4 |  4.5
Armour         | 2 3 |  3.1
Fighting       | 3 |  3.4
Axes           | 1 |  1.6
Throwing       | |  2.5
Stealth        | |  0.9

Action                   |  1- 3 |  4- 6 || total
-------------------------+-------+-------++-------
Melee: Long sword        |    66 |    56 ||   122
       Headbutt          |     9 |     8 ||    17
       Punch             |     1 |       ||     1
       War axe           |       |    29 ||    29
Evoke: Wand              |       |     1 ||     1
Armor: Leather armour    |    23 |     3 ||    26
       Chain mail        |       |    43 ||    43
Dodge: Dodged            |    55 |    37 ||    92
